cohdb
Replays
Latest Replays
All Replays
Popular Replays
Top Player Replays
Match Explorer
How It Works
Community
CoH3 Stats
Reddit
Sign in to upload your games and track your stats! →
Sign in with Steam
Match 40241319
Unlisted
Match 40241319
Overview
Messages
Build Orders
End
Construct Infanterie Kompanie
MG 42 Machine Gun Team
MG 42 Machine Gun Team
GrW 34 Mortar Team
Grenadier Squad
Pioneer Squad
Construct Panzergrenadier Kompanie
Support Elements
Selects Terror Battlegroup
Selects Machine Gun Camouflage
Nebelwerfer 42 Rocket Launcher Team
Pak 40 Anti-tank Gun Team
Selects Contempt for the Weak
Nebelwerfer 42 Rocket Launcher Team
Panzergrenadier Squad
Construct Panzer Kompanie
Selects Jericho Trumpet
Pak 40 Anti-tank Gun Team
Jericho Trumpet
Panzer IV Medium Tank
Panzer IV Medium Tank
Pioneer Squad
Selects V1 Rocket Strike
Panzer Officer Quarters
V1 Rocket Strike
V1 Rocket Strike
Panzer IV Medium Tank
Selects No Quarter
Stoßtruppen Squad
V1 Rocket Strike
Jericho Trumpet
Panzer IV Medium Tank
V1 Rocket Strike
Pioneer Squad
Selects King Tiger Heavy Tank
V1 Rocket Strike
King Tiger Heavy Tank
Stoßtruppen Squad
Stoßtruppen Squad
V1 Rocket Strike
[EC] Slip~Slide
[EC] CrazyHorse
[EC] tribecalledbrett
[EC] Comrade Sniper
ßoo
Derek Doon
Peter
Dark Lord Cthulhu
0
0
Comments
sign in to comment!
No comments posted yet!